[Event "Early-Titled-Tuesday-Blitz-May-28-2024"]
[Site "Chess.com"]
[Date "2024.05.28"]
[Round "6"]
[White "Quattroporte300"]
[Black "Mesa_1"]
[Result "1/2-1/2"]
[WhiteElo "2397"]
[BlackElo "2572"]
[TimeControl "180+1"]
[EndTime "9:08:41 PDT"]
[Termination "Game drawn by stalemate"]

1. e4 c5 2. Nc3 e6 3. g3 d5 4.
exd5 exd5 5. d4 cxd4 6. Qxd4 Nc6 7. Qxd5 Qe7+ 8. Be2 Nf6 9. Qd1 Bg4 10. h3 Rd8 11. Bd2 Bf5 12. Nf3 Ne4 13. Nxe4 Qxe4 14. c3 Bc5 15. Kf1 O-O 16. Kg2 Rfe8 17. Re1 Qe6 18.
Ng5 Qg6 19. Bc4 Rf8 20. Qe2 h6 21. Nf3 Qf6 22. Bf4 g5 23. Be5 Nxe5 24. Qxe5 Bxh3+ 25. Kxh3 Qxf3 26. Qxc5 Rd2 27. Rf1 Re8 28. Kh2 Kg7 29.
Kg1 Red8 30. Rae1 R8d6 31. Re7 Rf6 32. Qe3 Rxb2 33. Qxf3 Rxf3 34. Kg2 Rf6 35. Bd5 b5 36. Rxa7 Rc2 37. Rc7 b4 38. c4 Rxa2 39. c5 Rd2 40.
Bf3 b3 41. c6 b2 42. Rb7 Rc2 43. Rb1 g4 44. Bd5 Rfxf2+ 45. Kg1 Rc1+ 46. Kxf2 Rxb1 47. c7 Rc1 48. Rxb2 Rxc7 49. Re2 f6 50. Ke3 Rc5 51. Be4 f5 52. Bd3 Kf6 53. Kf4 Ra5 54. Rc2 Ra4+ 55.
Rc4 Rxc4+ 56. Bxc4 h5 57. Bf1 h4 58. gxh4 Kg7 59.
Kxf5 g3 60. Kg4 Kh8 61. Bg2 Kg8 62. Kg5 Kh8 63. Kh6 Kg8 64. h5 Kh8 65. Kg6 Kg8 66. h6 Kh8 67. Kh5 Kg8 68. Bd5+ Kh8 69. Kg4 g2 70.
Bxg2 Kh7 71. Kh5 Kh8 72. Be4 Kg8 73. Kg6 Kh8 74. h7 1/2-1/2

[Event "Early-Titled-Tuesday-Blitz-May-28-2024"]
[Site "Chess.com"]
[Date "2024.05.28"]
[Round "6"]
[White "JoliyRoger"]
[Black "klercaku"]
[Result "1-0"]
[WhiteElo "2448"]
[BlackElo "2286"]
[TimeControl "180+1"]
[EndTime "9:08:41 PDT"]
[Termination "JoliyRoger won by checkmate"]

1. d4 d5 2. c4 e6 3. Nc3 Nf6 4. Bg5 Nbd7 5. e3 Be7 6. Nf3 h6 7. Bh4 O-O 8. Qc2 c6 9. a3 Re8 10. Bd3 dxc4 11. Bxc4 Nd5 12. Bg3 Bf6 13. O-O Nxc3 14.
bxc3 e5 15. Rad1 Qe7 16. Qa2 e4 17. Ne5 Bxe5 18. dxe5 a5 19. a4 Nb6 20. Bb3 Be6 21.
Rb1 Qc5 22. Bxe6 Rxe6 23. Qb3 Nc4 24. Qxb7 Rd8 25. Qc7 Rd3 26. Rb8+ Kh7 27. Qxf7 Qd5 28. h4 Nxe5 29. c4 Nxf7 30. cxd5 Rxd5 31. Rc1 Ne5 32. Rc8 Nd3 33. R1xc6 Rxc6 34. Rxc6 Nb2 35. Re6 Nxa4 36. Rxe4 Nc3 37. Rc4 Ne2+ 38. Kh2 Nxg3 39. Kxg3 Kg6 40. e4 Rb5 41. Rc6+ Kf7 42. Ra6 Re5 43. Kf4 Rb5 44. g4 Kg8 45. h5 Kf7 46. f3 Kg8 47. Ra7 Kh7 48. e5 Kg8 49. Kf5 Kf8 50. f4 Kg8 51. g5 hxg5 52. Kxg5 Kf8 53. Ra8+ Kf7 54. Ra7+ Kf8 55.
Kg6 Rb6+ 56. Kf5 Rb5 57. Kg5 Kg8 58. h6 gxh6+ 59. Kxh6 Rb4 60. Kg6 Kf8 61. Kf5 a4 62. e6 Rb5+ 63. Kf6 Ke8 64. Ra8+ Rb8 65. Rxb8# 1-0

[Event "Early-Titled-Tuesday-Blitz-May-28-2024"]
[Site "Chess.com"]
[Date "2024.05.28"]
[Round "6"]
[White "aghasiyevkamal"]
[Black "MaiqMaster"]
[Result "0-1"]
[WhiteElo "2625"]
[BlackElo "2475"]
[TimeControl "180+1"]
[EndTime "9:08:47 PDT"]
[Termination "MaiqMaster won by resignation"]

1. d4 d5 2. c4 e6 3. Nc3 Nf6 4. cxd5 exd5 5. Bg5 Bb4 6. e3 h6 7. Bh4 g5 8. Bg3 Ne4 9. Rc1 h5 10. f3 Bxc3+ 11. bxc3 Nxg3 12. hxg3 Qe7 13. Kf2 Nc6 14.
Bd3 Be6 15. Ne2 O-O-O 16. c4 dxc4 17. Bxc4 Bxc4 18. Rxc4 Rhe8 19. Rc3 h4 20. g4 Qd6 21.
Qd3 Kb8 22. Qf5 f6 23. Rhc1 Ne7 24. Qc5 Nd5 25. Qxd6 cxd6 26. Rb3 Rc8 27. Rcb1 b6 28. R1b2 Rc4 29. Rd2 Rec8 30. Rbb2 Kb7 31. Rb5 Ne7 32. e4 a6 33. Rbb2 b5 34. Ke3 Kb6 35. Kd3 Nc6 36.
a3 Na5 37. Ke3 R4c7 38. Kd3 Nc4 39. Ra2 Nxd2 40. Kxd2 Rc4 41. Kd3 a5 42. Rb2 b4 43.
a4 R4c7 44. Kd2 d5 45. Kd3 Rd7 46. Ke3 Rcd8 47. Rc2 Rc7 48. Rb2 Re7 49. Kd3 dxe4+ 50. fxe4 Rde8 51. e5 fxe5 52. d5 e4+ 53. Kd4 e3 54. Rc2 Re4+ 55. Kd3 Rxg4 56. Rc6+ Kb7 57. Rf6 Rd8 58. Kxe3 Rxd5 59. Kf3 Rc4 60. Rf7+ Kb6 61.
Rf6+ Rc6 62. Rf8 Kc5 63. Nc1 Kc4 64. Rb8 Kc3 65. Ne2+ Kc2 66. Ke4 Rd2 67. Nd4+ Rxd4+ 68. Kxd4 b3 69. Kd5 Rc3 70. Rf8 b2 71. Rf2+ Kb3 72.
Rf1 Rc1 73. Rf3+ Ka2 74. Rf2 Ka1 0-1

[Event "Early-Titled-Tuesday-Blitz-May-28-2024"]
[Site "Chess.com"]
[Date "2024.05.28"]
[Round "6"]
[White "VacheH009"]
[Black "RandomNoob04"]
[Result "0-1"]
[WhiteElo "2541"]
[BlackElo "2771"]
[TimeControl "180+1"]
[EndTime "9:08:48 PDT"]
[Termination "RandomNoob04 won by checkmate"]

1. d4 Nf6 2. Nf3 c5 3. d5 b5 4.
Bg5 Qb6 5. a4 b4 6. e3 g6 7. a5 Qd6 8. Bc4 Qc7 9. Bxf6 exf6 10. O-O d6 11. Nbd2 f5 12. Bd3 Bg7 13. Nc4 O-O 14. e4 fxe4 15. Bxe4 Ba6 16. Bd3 Bxc4 17. Bxc4 Bxb2 18. Ra2 Bg7 19. Ne1 a6 20. Nd3 Re8 21.
f4 Nd7 22. Kh1 f5 23. Ne1 Nf6 24. Nf3 Ne4 25. Qd3 Nc3 26. Raa1 Ne2 27. Rae1 Nxf4 28. Rxe8+ Rxe8 29. Qd2 Nh5 30. Ng5 Qxa5 31. Ne6 Bf6 32.
g4 fxg4 33. Qh6 Bg7 34. Qg5 Qa3 35. Qxg4 Qc3 36. Nc7 Rf8 37. Qe6+ Kh8 38. Rxf8+ Bxf8 39. Bxa6 Qf3+ 40. Kg1 Qd1+ 41. Kf2 Qxc2+ 42. Kf3 Qf5+ 43. Qxf5 gxf5 44. Ne6 Be7 45. Bc4 Kg8 46. Ke2 Kf7 47.
Kf3 Kf6 48. Nc7 Ke5 49. Nb5 Nf6 50. Na7 Kd4 51. Ba2 Kc3 52. Nc6 Bf8 53. Bb1 Nxd5 54. Bxf5 b3 55. Na5 b2 56. Ke2 Ne7 57. Bb1 d5 58.
Nb7 c4 59. Nd6 d4 60. Nb5+ Kb4 61. Nxd4 Nd5 62. Nc6+ Kc5 63. Ne5 Nc3+ 64. Kd2 Nxb1+ 65. Kc2 Na3+ 66. Kxb2 Bg7 67. Kxa3 Bxe5 68. Ka2 c3 69. Kb1 Kc4 70. Kc2 Kb4 71. Kc1 Kb3 72. h4 c2 73. h5 Bf4# 0-1

[Event "Early-Titled-Tuesday-Blitz-May-28-2024"]
[Site "Chess.com"]
[Date "2024.05.28"]
[Round "6"]
[White "Chernov_Mikhail"]
[Black "MikeWizard"]
[Result "1-0"]
[WhiteElo "2314"]
[BlackElo "2010"]
[TimeControl "180+1"]
[EndTime "9:08:48 PDT"]
[Termination "Chernov_Mikhail won by resignation"]

1. e4 d6 2. d4 Nf6 3. Nc3 Nbd7 4. g3 e5 5. dxe5 dxe5 6. Bg2 c6 7. Nge2 Bb4 8. Be3 O-O 9. O-O Ng4 10. Bd2 Ngf6 11.
a3 Ba5 12. Be3 Ng4 13. Bd2 Ngf6 14. Qc1 Qe7 15. h3 Rd8 16. Kh2 Nf8 17. Be3 Ne6 18. Rd1 Bb6 19. Bxb6 axb6 20. Qe3 Nc5 21. Ng1 Be6 22.
Nf3 h6 23. Bf1 Bc8 24. Bc4 Nfd7 25. Rd2 Nf8 26. Rad1 Rxd2 27. Rxd2 b5 28. Ba2 Be6 29.
Bxe6 Ncxe6 30. Nxe5 Ng5 31. Nf3 Nxf3+ 32. Qxf3 Ne6 33. Qe3 Rd8 34. Rxd8+ Qxd8 35. Ne2 Qd1 36. Qd3 Qe1 37. Kg2 Nc5 38. Qe3 Ne6 39. Nc3 Qxe3 40. fxe3 Kf8 41. Kf3 Ke7 42. h4 Kd6 43. Ne2 c5 44. Nf4 Nf8 45. g4 Nd7 46. b3 Ne5+ 47.
Kg3 c4 48. Nh5 g6 49. Nf6 cxb3 50. cxb3 Nd3 51. Nd5 Nc1 52. b4 Nd3 53. Nc3 Kc6 54. h5 Ne5 55. hxg6 fxg6 56. Kf4 Nc4 57. Nb1 g5+ 58. Kf5 Nxe3+ 59. Kg6 Nxg4 60. Kh5 Nf2 61. Nc3 g4 62. Kh4 b6 63. Kg3 Nd3 64. Kxg4 Ne5+ 65. Kh5 Nc4 66. Kxh6 Nxa3 67. Kg6 Nc2 68. Kf6 Nxb4 69.
e5 Nd5+ 70. Nxd5 Kxd5 71. e6 Kd6 72. e7 b4 73. Kf7 b3 74. e8=Q b2 75. Qe1 Kc5 76.
Qb1 Kc4 77. Qxb2 b5 78. Qb1 b4 79. Ke6 b3 80. Ke5 Kc3 81. Ke4 b2 82. Ke3 Kb3 83. Kd3 Ka3 84. Kc3 Ka4 85. Qxb2 1-0

[Event "Early-Titled-Tuesday-Blitz-May-28-2024"]
[Site "Chess.com"]
[Date "2024.05.28"]
[Round "6"]
[White "CristianS27"]
[Black "Root_21"]
[Result "0-1"]
[WhiteElo "2523"]
[BlackElo "2684"]
[TimeControl "180+1"]
[EndTime "9:08:50 PDT"]
[Termination "Root_21 won by resignation"]

1. e4 c5 2. Nf3 d6 3. d4 cxd4 4. Nxd4 Nf6 5. Nc3 a6 6. Be3 e5 7. Nf3 Be7 8. Bc4 O-O 9. O-O Be6 10. Bb3 Nc6 11. Qe2 Na5 12. Rfd1 Qc7 13. Bg5 Nxb3 14. axb3 Rac8 15. Bxf6 Bxf6 16. Rac1 Be7 17. Nd5 Bxd5 18. Rxd5 g6 19. c3 Qb6 20. b4 Rfd8 21. Rcd1 Bf8 22.
h4 h5 23. Qd2 Re8 24. Qg5 Qc7 25. Nd2 Be7 26. Qg3 Rcd8 27. Rd3 Bf6 28. Nf1 Qe7 29. Ne3 Bxh4 30. Qf3 Qd7 31. g3 Be7 32. Nd5 Kg7 33. Kg2 Rh8 34. R1d2 h4 35. g4 h3+ 36. Kh2 Bg5 37.
Rd1 Rh4 38. Kg3 h2 39. Rh1 Rdh8 40. Kg2 Qxg4+ 41. Kf1 Qxf3 42. Rxf3 Rxe4 43. Rg3 Bc1 44. b3 Bd2 45. Kg2 Re2 46. Rf3 f5 47. Rxh2 Rxh2+ 48. Kxh2 e4 49. Rh3 Rxf2+ 50. Kg1 Re2 51. Kf1 Re1+ 52.
Kf2 Ra1 53. c4 Ra2 54. Ke2 Bxb4+ 55. Kd1 Bc5 56. Kc1 Rf2 57. b4 Bd4 58. b5 axb5 59.
cxb5 f4 60. Nc7 Kf6 61. Ne8+ Ke7 62. Nc7 e3 63. Rh7+ Kf6 64. Nd5+ Kg5 65. Kd1 e2+ 66. Ke1 f3 67. Rh1 Rg2 68. b6 Rg1+ 69. Rxg1+ Bxg1 70. Nb4 Bxb6 71. Nd3 Be3 72. Ne5 f2+ 73. Kxe2 dxe5 74. Kf1 b5 0-1

[Event "Early-Titled-Tuesday-Blitz-May-28-2024"]
[Site "Chess.com"]
[Date "2024.05.28"]
[Round "6"]
[White "ab-lsv"]
[Black "ValeriyGrinev"]
[Result "0-1"]
[WhiteElo "2360"]
[BlackElo "2588"]
[TimeControl "180+1"]
[EndTime "9:08:50 PDT"]
[Termination "ValeriyGrinev won on time"]

1. d4 d5 2. c4 dxc4 3. e3 Nf6 4. Bxc4 e6 5. Nf3 a6 6. O-O b5 7. Bd3 Bb7 8. a4 b4 9. Nbd2 Nbd7 10. e4 Nc5 11.
Qe2 Nxd3 12. Qxd3 c5 13. Re1 cxd4 14. Qxd4 Qxd4 15. Nxd4 Bc5 16. N4b3 Ba7 17. Na5 Rb8 18. Nxb7 Rxb7 19. Nc4 Ke7 20. Be3 Bxe3 21. Rxe3 Rd8 22. b3 Rd4 23. f3 Rbd7 24. Kf2 Rd1 25. Re1 Rxa1 26. Rxa1 Rd3 27. Rb1 Nd7 28. Ke2 Nc5 29. Ne5 Rxb3 30. Rxb3 Nxb3 31. Nc6+ Kd6 32. Nxb4 a5 33. Nd3 Nc5 34. Nb2 Kc6 35. Kd2 f6 36. Kc3 h6 37. Kc4 Kb6 38. h4 h5 39. Kd4 Kc6 40. Kc4 Kb6 41. Kd4 Kc6 42. Kc4 e5 43. g3 g6 44. Kc3 Kd7 45. Kc4 Kc6 46. Kc3 g5 47. Kc4 Kd6 48. Kc3 Kc6 49. Kc4 gxh4 50.
gxh4 Kd6 51. Kc3 Kc6 52. Kc4 Ne6 53. Nd3 Nd4 54. f4 Nf3 55. fxe5 fxe5 56. Kc3 Nxh4 57. Nxe5+ Kc5 58. Nf7 Nf3 59. Nh6 h4 60. Ng4 h3 61. e5 Kd5 62. Kb3 Nxe5 63. Nh2 Kd4 64. Ka3 Kc3 65. Ka2 Nc4 66. Nf3 Kb4 0-1

[Event "Early-Titled-Tuesday-Blitz-May-28-2024"]
[Site "Chess.com"]
[Date "2024.05.28"]
[Round "6"]
[White "Lady_Nika"]
[Black "Bykov_Egor"]
[Result "0-1"]
[WhiteElo "2513"]
[BlackElo "2660"]
[TimeControl "180+1"]
[EndTime "9:08:51 PDT"]
[Termination "Bykov_Egor won by resignation"]

1. e4 e5 2. Nf3 Nc6 3. Bb5 a6 4.
Ba4 Nf6 5. O-O Be7 6. c3 Nxe4 7. Bxc6 dxc6 8. Nxe5 O-O 9. d4 Nd6 10. Re1 Re8 11.
Nd2 Bf5 12. Qb3 Be6 13. Qc2 Bf8 14. Ndf3 f6 15. Nd3 Bf5 16. Bf4 Qd7 17. Qb3+ Qf7 18. Nc5 b6 19. Qxf7+ Kxf7 20. Nb3 g5 21. Bxd6 Bxd6 22.
h3 h5 23. Nh2 a5 24. Nd2 b5 25. Nhf1 h4 26. Ne3 Be6 27. Ne4 Bf8 28. f3 Rad8 29. a3 Kg6 30. Ng4 Be7 31. Nef2 Bc8 32. Re2 Bd6 33.
Rae1 Rxe2 34. Rxe2 Kf7 35. Ne4 Be7 36. Nef2 b4 37.
axb4 axb4 38. Nd3 Ba6 39. Ngf2 Rb8 40. cxb4 Bxb4 41. Rc2 Ba5 42. Rxc6 Bb6 43. Nc5 Bb5 44. Nd7 Rd8 45. Rxf6+ Ke7 46. Rxb6 cxb6 47. Nxb6 Rxd4 48. Ne4 Rd1+ 49. Kf2 Bc6 50. Nxg5 Rd2+ 51. Ke3 Rxg2 52. Ne4 Rxb2 53. Nc4 Rh2 54. Ne5 Bxe4 55. Kxe4 Rxh3 56.
Kf4 Kf6 57. Ng4+ Ke6 58. Nf2 Rh2 59. Ng4 Rc2 60. Ne3 Rc3 61. Ng4 Rc4+ 62. Ke3 Kf5 63.
Nf2 Rc3+ 64. Ke2 Kf4 65. Ne4 Re3+ 66. Kf2 Rxf3+ 67. Kg2 Kxe4 0-1

[Event "Early-Titled-Tuesday-Blitz-May-28-2024"]
[Site "Chess.com"]
[Date "2024.05.28"]
[Round "6"]
[White "youngKID"]
[Black "Grischuk"]
[Result "0-1"]
[WhiteElo "2880"]
[BlackElo "3118"]
[TimeControl "180+1"]
[EndTime "9:08:54 PDT"]
[Termination "Grischuk won on time"]

1. e3 Nf6 2. Nf3 d5 3. c4 c6 4. Nc3 e6 5. b3 Bd6 6. Bb2 O-O 7. Be2 e5 8. d4 e4 9. Nd2 Be6 10. Rc1 Re8 11. cxd5 cxd5 12. Nb5 Nc6 13. Nxd6 Qxd6 14. O-O Rac8 15. a3 Ne7 16. h3 Nf5 17. Rxc8 Rxc8 18. Qb1 h5 19. Rc1 b6 20. Rxc8+ Bxc8 21. Qc1 Bd7 22.
a4 g5 23. Ba3 Qb8 24. Nf1 Kg7 25. Qe1 h4 26. Nd2 Kg6 27. Nb1 Nh6 28. Qb4 g4 29. hxg4 Bxg4 30. Bf1 Nf5 31. Qf8 Qc7 32. Qb4 Qc2 33.
Qe1 h3 34. Nd2 hxg2 35. Bxg2 Nh4 36. Bd6 Bf3 37. Bf1 Ng4 38. Bh3 Qc6 39. Bg3 Kg5 40. Bf4+ Kh5 41. Bg3 Qg6 42. Bxg4+ Qxg4 43. Qf1 Nf5 44.
Kh2 Kg6 45. Qh3 Qxh3+ 46. Kxh3 Bd1 47. Bc7 Ng7 48. Kg3 Ne6 49. Bb8 a6 50. f4 b5 51. axb5 axb5 52. b4 Ng7 53. Nb1 Nf5+ 54. Kf2 Bb3 55. Nc3 Bc4 56. Ne2 Bxe2 57. Kxe2 Kh5 58. Kf2 Kg4 59. Be5 Kh3 60. Bf6 Nh6 61. Ke2 Ng4 62. Bg5 f6 63. Kd2 fxg5 64. fxg5 Kh4 0-1

[Event "Early-Titled-Tuesday-Blitz-May-28-2024"]
[Site "Chess.com"]
[Date "2024.05.28"]
[Round "6"]
[White "DumbKing75"]
[Black "PeshkaCh"]
[Result "1-0"]
[WhiteElo "2691"]
[BlackElo "2867"]
[TimeControl "180+1"]
[EndTime "9:08:54 PDT"]
[Termination "DumbKing75 won by checkmate"]

1. e4 e5 2. Nf3 Nc6 3. Bb5 a6 4. Bxc6 dxc6 5. O-O Bd6 6. d4 exd4 7. Qxd4 f6 8. Be3 Ne7 9. Nbd2 O-O 10. Nc4 Be6 11.
Nxd6 cxd6 12. Rad1 d5 13. Qb4 Qd7 14. Bc5 Rfe8 15.
c4 Bg4 16. Bxe7 Bxf3 17. gxf3 Rxe7 18. cxd5 Re5 19. Qb3 Kh8 20. dxc6 Qxc6 21. Rd5 Rxd5 22. Qxd5 Qb6 23. Rd1 h6 24. b3 Rc8 25. Kg2 Qb4 26. Qd4 Qb5 27. Qd5 Qb4 28. Qe6 Qc5 29. Rd7 Qg5+ 30.
Qg4 Rc2 31. Qxg5 hxg5 32. a4 b5 33. axb5 axb5 34. Rd5 Kh7 35. Rxb5 Rb2 36. Kg3 Kg6 37. b4 Rb3 38. Rb7 Rb2 39. h3 Rb1 40. b5 Rg1+ 41.
Kh2 Rb1 42. Kg2 Rb3 43. b6 Rb1 44. Kg3 Rg1+ 45. Kh2 Rb1 46. Rb8 Rb2 47. Kg2 Rb1 48. b7 Kh7 49. f4 gxf4 50. Kf3 g5 51. Kg4 Kg7 52. h4 gxh4 53. Kxh4 Rb3 54. Kg4 f3 55. Kf4 Kh7 56. Kg4 Kg7 57. Kf5 Rb5+ 58. Ke6 Rb2 59. Kf5 Rb5+ 60. Ke6 Rb2 61. Kd5 Rd2+ 62. Kc4 Rc2+ 63. Kb3 Rc7 64. Rg8+ Kxg8 65. b8=Q+ Kg7 66. Qxc7+ Kg6 67. Qg3+ Kh5 68. Qxf3+ Kg5 69. Qf5+ Kh6 70. Qxf6+ Kh7 71. Qg5 Kh8 72. e5 Kh7 73. e6 Kh8 74.
e7 Kh7 75. f3 Kh8 76. e8=Q+ Kh7 77. Qeg8# 1-0

[Event "Early-Titled-Tuesday-Blitz-May-28-2024"]
[Site "Chess.com"]
[Date "2024.05.28"]
[Round "6"]
[White "Timerkhanov"]
[Black "vi_pranav"]
[Result "1/2-1/2"]
[WhiteElo "2753"]
[BlackElo "3045"]
[TimeControl "180+1"]
[EndTime "9:08:56 PDT"]
[Termination "Game drawn by repetition"]

1. d4 Nf6 2. Bg5 Ne4 3. h4 d5 4. Nd2 Nxd2 5. Qxd2 h6 6. Bf4 e6 7. e3 c5 8. c3 Nc6 9. Bd3 Bd7 10. Nf3 Rc8 11. h5 Be7 12. Ne5 Bf6 13. Ng4 Be7 14. Ne5 Nxe5 15. Bxe5 Bf6 16. Bxf6 Qxf6 17. f4 Qd8 18. O-O f5 19. Qf2 O-O 20. g4 fxg4 21. Qg3 Rf6 22. Rf2 Qe8 23. Bg6 Rxg6 24. hxg6 Qxg6 25. Qh4 cxd4 26. exd4 Bb5 27. Rg2 h5 28.
Rh2 Qe4 29. Re1 Qxf4 30. Rf2 Qh6 31. Re5 Rf8 32. Rxf8+ Kxf8 33. Rxh5 Qc1+ 34. Kg2 Qf1+ 35. Kh2 Qe2+ 36. Kg1 Qf1+ 37. Kh2 Qe2+ 38. Kg1 Qd1+ 39. Kh2 Qd2+ 40. Kg1 Qc1+ 41. Kg2 Qxb2+ 42. Qf2+ Qxf2+ 43.
Kxf2 Bd3 44. Kg3 Ke7 45. Rh8 Kd7 46. Rg8 g6 47. Kxg4 Kc6 48. Kf4 Kb5 49. Ke5 Bf5 50. Rc8 g5 51. Rc7 Kb6 52. Rg7 g4 53. Kd6 Ka6 54. a4 Ka5 55. Rxb7 Kxa4 56. Rxa7+ Kb3 57.
Rc7 g3 58. Rg7 Kxc3 59. Ke5 Kc4 60. Rxg3 Kb4 61. Rg8 Kc4 62. Rc8+ Kd3 63. Rc7 Ke3 64. Rc3+ Kd2 65. Ra3 Kc2 66. Rg3 Kd2 67. Ra3 Kc2 68. Ra6 Kc3 69. Ra3+ Kc4 70. Ra6 Kc3 71. Rc6+ Kd3 72.
Rc5 Bg4 73. Rc8 Bf5 74. Rg8 Kc3 75. Rf8 Kd3 76. Rc8 Bg4 77. Rc6 Bf5 78. Rc5 Bg4 79. Rc7 Bf5 80. Rg7 Kc3 81. Rg3+ Kc4 82. Rf3 Bg4 83.
Rg3 Bf5 84. Re3 Bg4 85. Rg3 Bf5 1/2-1/2

[Event "Early-Titled-Tuesday-Blitz-May-28-2024"]
[Site "Chess.com"]
[Date "2024.05.28"]
[Round "6"]
[White "Alphafischer2019"]
[Black "FGHSMN"]
[Result "0-1"]
[WhiteElo "2693"]
[BlackElo "2898"]
[TimeControl "180+1"]
[EndTime "9:08:56 PDT"]
[Termination "FGHSMN won by resignation"]

1. Nf3 e6 2. g3 g5 3. d4 g4 4. Ne5 h5 5. h4 Bg7 6. Bg2 d6 7. Nc4 d5 8. Ne5 Nd7 9. Nxd7 Bxd7 10. c4 c6 11. Nc3 Ne7 12. O-O dxc4 13. e4 Ng6 14. e5 f5 15. exf6 Qxf6 16. Bg5 Qxd4 17. Qxd4 Bxd4 18. Rad1 e5 19. Ne4 Be6 20. Nd6+ Kd7 21. Nxb7 Kc7 22. Na5 Bd5 23. b3 c3 24. Nc4 Bxc4 25. bxc4 Rab8 26. Be4 Nf8 27. Be7 Ne6 28. c5 Rb2 29. Bd6+ Kb7 30. Rb1 Bxc5 31. Bxe5 Rf8 32. Rxb2+ cxb2 33. Bxb2 Nc7 34. Kg2 Nd5 35. Bg7 Rf7 36. Bh6 Kc7 37. Bg5 Rg7 38. Rc1 Kb6 39.
Rb1+ Ka5 40. Rc1 Kb6 41. Rb1+ Kc7 42. Rc1 Kd6 43. Rd1 Bb6 44. Bf4+ Ke6 45. Bg5 Rd7 46. Re1 Kd6 47. Bf5 Rf7 48. Re6+ Kc7 49. Rh6 Rxf5 50. Rh7+ Kd6 51. Rxh5 Rxf2+ 52. Kh1 Rf1+ 53. Kg2 Rf2+ 54. Kh1 Rf3 55. Rh6+ Kd7 56. Kh2 Bc7 57. Rh7+ Kc8 58. h5 Bxg3+ 59. Kh1 Rf2 60. h6 Rh2+ 61. Kg1 Rh3 62.
Rh8+ Kb7 63. h7 Nc3 64. Kg2 Nd1 65. Bf6 Ne3+ 66. Kg1 Bh2+ 67. Kf2 g3+ 68. Ke2 g2 69. Rb8+ Kxb8 70. h8=Q+ Rxh8 71. Bxh8 g1=Q 72. Be5+ Bxe5 0-1

[Event "Early-Titled-Tuesday-Blitz-May-28-2024"]
[Site "Chess.com"]
[Date "2024.05.28"]
[Round "6"]
[White "TERMINATOR_PC"]
[Black "topce"]
[Result "1-0"]
[WhiteElo "2602"]
[BlackElo "2414"]
[TimeControl "180+1"]
[EndTime "9:08:58 PDT"]
[Termination "TERMINATOR_PC won on time"]

1. e4 c5 2. Nf3 Nc6 3. d4 cxd4 4.
Nxd4 e5 5. Nb5 d6 6. c4 Be6 7. Bd3 a6 8. N5c3 Rc8 9. Nd5 Bxd5 10. cxd5 Nd4 11. Nc3 g6 12. O-O Bg7 13. Be3 Nf6 14. Rc1 O-O 15. Bb1 Nh5 16. Ne2 Rxc1 17. Bxc1 Nxe2+ 18.
Qxe2 Nf4 19. Qf3 Qb6 20. b3 Rc8 21. Bxf4 exf4 22. Qxf4 Be5 23. Qd2 Rc3 24. Rc1 Qc5 25.
Rxc3 Bxc3 26. Qe2 Bd4 27. Bc2 Qc3 28. g3 h5 29. Bd3 Kg7 30. Kg2 Qb2 31. Qxb2 Bxb2 32. f4 a5 33. Bb5 b6 34. Kf3 f6 35.
h4 Bc3 36. g4 Be1 37. gxh5 gxh5 38. Be8 Bxh4 39. Bxh5 Be1 40. Kg4 Bb4 41. Kf5 Bc5 42.
Ke6 Ba3 43. Bg4 Bc5 44. Kd7 Kf7 45. Bh5+ Kf8 46. Be8 Bb4 47. Bg6 Bc5 48. Bf5 Bb4 49. Ke6 Kg7 50. Bg4 Bc5 51. Bh5 Bb4 52. e5 fxe5 53.
fxe5 dxe5 54. d6 Kf8 55. Kxe5 Be1 56. Kd5 Bg3 57. Kc6 b5 58. Kxb5 Bxd6 59. Kxa5 Ke7 60. a4 Kd7 61. b4 Kc6 62. Bf3+ Kc7 63. b5 Bc5 64. Ka6 Kb8 65. a5 Bb4 66. b6 Bc3 67. Kb5 Be5 68. a6 Kc8 69. a7 Kd7 70.
a8=Q Kd6 71. Qd5+ Ke7 72. Qxe5+ Kf7 73. Qd6 Kg7 74. Qe6 Kh7 75. Qf6 Kg8 76. Qe7 Kh8 77. b7 1-0

[Event "Early-Titled-Tuesday-Blitz-May-28-2024"]
[Site "Chess.com"]
[Date "2024.05.28"]
[Round "6"]
[White "chess_blitz00"]
[Black "Casper"]
[Result "1-0"]
[WhiteElo "2315"]
[BlackElo "2488"]
[TimeControl "180+1"]
[EndTime "9:09:03 PDT"]
[Termination "chess_blitz00 won by resignation"]

1. c4 a6 2. Nc3 Nf6 3. d4 b5 4.
cxb5 axb5 5. Nxb5 e5 6. dxe5 Ne4 7. Qd5 Bb4+ 8. Nc3 Nxc3 9. bxc3 Bxc3+ 10. Bd2 Ra5 11.
Qd3 Bxd2+ 12. Qxd2 Rxe5 13. Nf3 Re7 14. e3 Bb7 15. Qb2 Bxf3 16. Qxg7 Rf8 17. gxf3 Nc6 18.
Be2 Qa8 19. O-O f5 20. Qh6 Ne5 21. Qh5+ Kd8 22. Kh1 Rg7 23. Rg1 Rg4 24. Rxg4 Nxg4 25. Kg1 Ne5 26. Qg5+ Kc8 27. Qf4 Qd5 28. Rd1 Rg8+ 29.
Kf1 Qe6 30. Qa4 Kd8 31. Qa6 d6 32. f4 Qg6 33. Ke1 Nd7 34. Bf1 Nc5 35. Qc6 Qf6 36.
Qxc5 Rg1 37. Qd4 Qe6 38. Qd2 Qe4 39. Qe2 Qb4+ 40. Qd2 Qe4 41. Qd3 Qb4+ 42. Ke2 Qb2+ 43. Qd2 Qb7 44. Qd4 Qa6+ 45. Kd2 Rxf1 46. Rxf1 Qxf1 47.
Qf6+ Kd7 48. Qxf5+ Kc6 49. Qe4+ Kb6 50. Qd4+ Kb7 51. Qd5+ Kb8 52. Qb3+ Kc8 53. Qe6+ Kb8 54. Qe8+ Kb7 55. Qe4+ Kb8 56. Qf3 Qc4 57. Qe2 Qxa2+ 58. Kd3 Qd5+ 59. Kc2 c5 60. Qd3 Qa2+ 61. Kc3 d5 62. Qxh7 Qa3+ 63. Kd2 c4 64. Qc2 Qa5+ 65. Qc3 Qa2+ 66. Ke1 Qb1+ 67. Ke2 Qe4 68. Qe5+ Qxe5 69. fxe5 Kc7 70. Kd2 Kd7 71. Kc3 Ke6 72. Kd4 Kf5 73. f4 Ke6 74. h4 Kf5 75. h5 Ke6 76. h6 Kf7 77. h7 Kg7 78. e6 Kxh7 79. e7 c3 80. e8=Q c2 81. Qd7+ 1-0

[Event "Early-Titled-Tuesday-Blitz-May-28-2024"]
[Site "Chess.com"]
[Date "2024.05.28"]
[Round "6"]
[White "korbul"]
[Black "igorkovalenko"]
[Result "1/2-1/2"]
[WhiteElo "2671"]
[BlackElo "2899"]
[TimeControl "180+1"]
[EndTime "9:09:05 PDT"]
[Termination "Game drawn by repetition"]

1. d4 Nf6 2. Nf3 e6 3. c4 b6 4. g3 Ba6 5. Nbd2 d5 6. Bg2 c6 7. b3 Be7 8. O-O O-O 9. Bb2 Nbd7 10. Qc2 Rc8 11. e4 b5 12. c5 b4 13. Rfe1 Nxe4 14. Nxe4 dxe4 15. Qxe4 Nf6 16. Qc2 Nd5 17.
Ne5 Bf6 18. a3 Bb5 19. a4 Ba6 20. Be4 g6 21. h4 Bg7 22. h5 Rc7 23. Kg2 f5 24. Bxd5 Qxd5+ 25. f3 g5 26. h6 Bxh6 27.
Nc4 Bg7 28. Rad1 g4 29. Qe2 Bxc4 30. bxc4 gxf3+ 31. Qxf3 Qxc4 32. Re2 Qd5 33. Rde1 Rf6 34. Qxd5 exd5 35. a5 f4 36. Re8+ Kf7 37. a6 fxg3 38. Kxg3 Kg6 39. R1e7 Rf7 40. Rxc7 Rxc7 41. Rb8 h5 42.
Rxb4 Bh6 43. Rb7 Rg7 44. Kh3 Bg5 45. Bc3 Bf6 46. Rb6 Rc7 47. Rb7 Re7 48. Ba5 Kf5 49.
Bb6 Re3+ 50. Kg2 Ra3 51. Rxa7 h4 52. Rf7 Ke6 53. Rc7 Rxa6 54. Rxc6+ Kf5 55. Rd6 Ra2+ 56. Kh3 Ra3+ 57. Kh2 Bg5 58. Rxd5+ Kg4 59. Rxg5+ Kxg5 60. d5 Kf5 61. c6 Ke5 62. Bc5 Ra2+ 63. Kh3 Kxd5 64. c7 Ra8 65. Be7 Ke6 66. Bd8 Kf5 67. Kxh4 Ra4+ 68. Kg3 Rc4 69. Kf2 Ke4 70. Kg2 Rc3 71.
Kf2 Rc2+ 72. Kg3 Rc6 73. Kf2 Rc3 74. Kg2 Kf4 75. Kh2 Kg4 76. Kg2 Rc2+ 77. Kf1 Kf3 78. Ke1 Ke3 79. Kf1 Ke4 80. Ke1 Kd3 81. Kd1 Rc6 82. Ke1 Ke3 83. Kd1 Rc4 84. Bg5+ Kd3 85. Bd8 Rc6 86. Ke1 Ke3 87. Bg5+ Kd3 88. Bd8 1/2-1/2

[Event "Early-Titled-Tuesday-Blitz-May-28-2024"]
[Site "Chess.com"]
[Date "2024.05.28"]
[Round "6"]
[White "Aswathchess"]
[Black "ckgchess"]
[Result "1-0"]
[WhiteElo "2734"]
[BlackElo "2884"]
[TimeControl "180+1"]
[EndTime "9:09:09 PDT"]
[Termination "Aswathchess won on time"]

1. d4 Nf6 2. Nf3 d5 3. Bf4 c5 4. e3 Nc6 5. Nbd2 Nh5 6. Be5 f6 7. c4 e6 8. Bg3 Be7 9. cxd5 exd5 10.
dxc5 Bxc5 11. Rc1 Bb6 12. Bd3 Qe7 13. Nd4 Nxg3 14. Nxc6 bxc6 15. hxg3 f5 16. Rxc6 d4 17.
e4 Bb7 18. Qa4 O-O 19. Bc4+ Kh8 20. Qd1 Rf6 21. Qh5 h6 22. Rxf6 Qxf6 23. exf5 d3 24.
O-O Qxb2 25. Nf3 d2 26. Ng5 Qf6 27. Nf7+ Kh7 28. Rd1 Be4 29. g4 Rc8 30. Bb3 Rc1 31. g5 Rxd1+ 32. Qxd1 Qxf5 33. Qxd2 Qg6 34. Qd7 Bf5 35.
Qd6 Qxd6 36. Nxd6 Bd7 37. gxh6 gxh6 38. Bc2+ Kg7 39. Bf5 Bc6 40. Be4 Bd7 41. g3 Kf6 42. Nc4 Bc5 43. Nd2 Be6 44. a4 Ke5 45. Bd3 Kd4 46.
Bb5 Bb4 47. Nf3+ Kc5 48. Kf1 Bc4+ 49. Bxc4 Kxc4 50. Ne5+ Kb3 51. Nc6 a5 52. Nxb4 axb4 53. a5 Kc2 54. a6 b3 55. a7 b2 56. a8=Q b1=Q+ 57. Kg2 Kc3 58. Qc6+ Kd4 59. Qxh6 Qe4+ 60. Kh2 Qc2 61. Qf4+ Kd5 62. Kh3 Qh7+ 63. Kg4 Ke6 64. Qe3+ Kf6 65. Qg5+ Ke6 66. f4 Qh1 67. Qe5+ Kf7 68.
Kg5 Qg2 69. Qf6+ Kg8 70. Qe6+ Kg7 71. g4 Qg3 72. Qe7+ Kh8 73. f5 Qh2 74. Kg6 1-0